 Dungeon Crawl Stone Soup version 0.29-a0-876-gfc89b1a5bd (webtiles) character file.

Game seed: 9867848273712889906

78 jimonade the Sneak (level 4, 0/27 HPs)
             Began as a Kobold Brigand on July 19, 2022.
             Slain by Robin
             ... wielding a +2 whip of flaming
              (1 damage)
             ... on level 3 of the Dungeon.
             The game lasted 00:02:26 (2127 turns).

jimonade the Sneak (Kobold Brigand)                 Turns: 2127, Time: 00:02:27

Health: 0/27       AC:  6    Str:  8    XL:     4   Next: 61%
Magic:  4/4        EV: 14    Int: 12    God:
Gold:   60         SH:  0    Dex: 18    Spells: 3/3 levels left

rFire   . . .      SeeInvis .   a - +2 dagger
rCold   . . .      Faith    .   (no shield)
rNeg    . . .      Spirit   .   r - +0 robe
rPois   .          Reflect  .   (no helmet)
rElec   .          Harm     .   c - +0 cloak
rCorr   .          Rampage  .   j - +2 pair of gloves
Will    .....                   (no boots)
Stlth   +++++.....              (no amulet)
HPRegen 0.09/turn               (no ring)
MPRegen 0.09/turn               (no ring)

@: no status effects
A: small, no large weapons, nightstalker 3
a: no special abilities


You were on level 3 of the Dungeon.
You visited 1 branch of the dungeon, and saw 3 of its levels.

You collected 60 gold pieces.

Inventory:

Hand Weapons
 a - a +2 dagger (weapon)
 b - a +0 sling
 g - a +0 rapier
Missiles
 d - 13 poisoned darts (quivered)
 e - 3 curare-tipped darts
 k - 24 stones
Armour
 c - a +0 cloak (worn)
 i - a +0 ring mail
 j - a +2 pair of gloves (worn)
 r - a +0 robe (worn)
Scrolls
 f - a scroll of brand weapon {unknown}
 l - 3 scrolls of enchant armour {unknown}
 n - 3 scrolls of identify {unknown}
 p - a scroll of immolation {unknown}
 q - a scroll of magic mapping {unknown}
Potions
 h - a potion of haste {unknown}
 m - a potion of attraction {unknown}
 o - 3 potions of heal wounds {unknown}


   Skills:
 + Level 2.4 Fighting
 + Level 3.3 Short Blades
 - Level 2.1 Throwing
 + Level 1.3 Dodging
 * Level 7.4 Stealth


You had 3 spell levels left.
You didn't know any spells.
Your spell library was empty.

Dungeon Overview and Level Annotations

Branches:
Dungeon (3/15)

Altars:
Xom

Shops:
D:1 [

Annotations:
D:3 Robin


Innate Abilities, Weirdness & Mutations

You are small and have problems with some larger weapons.
You are completely attuned to the shadows.


Message History

Robin burns you.
You barely miss Robin.
Robin is lightly wounded.
The goblin completely misses you.
Robin hits you with a +2 whip of flaming.
Robin burns you.
* * * LOW HITPOINT WARNING * * *
You hit Robin.
Robin is moderately wounded.
You hit Robin but do no damage.
Robin is moderately wounded.
The goblin misses you. Robin closely misses you.
You hit Robin.
Robin is heavily wounded.
The goblin misses you. Robin closely misses you.
You hit Robin.
Robin is severely wounded.
The goblin hits you with a +0 dagger.
* * * LOW HITPOINT WARNING * * *
Robin hits you with a +2 whip of flaming.
* * * LOW HITPOINT WARNING * * *
Robin burns you.
* * * LOW HITPOINT WARNING * * *
You closely miss Robin.
Robin is severely wounded.
The goblin hits you but does no damage.
Robin hits you with a +2 whip of flaming.
* * * LOW HITPOINT WARNING * * *
Robin burns you.
* * * LOW HITPOINT WARNING * * *
Unknown command.
The goblin completely misses you.
Things that are here:
a +0 dagger; a goblin corpse The goblin hits you but does no damage.
Robin attacks as you move away!
Robin hits you with a +2 whip of flaming.
* * * LOW HITPOINT WARNING * * *
Robin burns you.
You die...

########### ...........
.....###### ..# .....###### # #
##..# .......#... #.###.##
...## ##+#...#.##
.#.#<#.##.##..########.###...##
.............g@................
#<..#####)g########.....####
#.g.....(..# ###.###
#g########..# #.#
#.#########'## #.#
#...g...#$.... #.#
#######.#..... #.# ..(...g....
####.#g#gg


You could see Robin and a goblin.

Vanquished Creatures
  Jessica (D:2)
  2 adders
  5 ball pythons
  3 bats
  3 endoplasms
  A giant cockroach (D:1)
  5 goblins
  3 hobgoblins
  6 kobolds
  2 quokkas (D:1)
  A rat (D:1)
32 creatures vanquished.

Notes
Turn   | Place    | Note
-------+----------+-------------------------------------------
     0 | D:1      | jimonade the Kobold Brigand began the quest for the Orb.
     0 | D:1      | Reached XP level 1. HP: 12/12 MP: 1/1
   106 | D:1      | Reached XP level 2. HP: 17/17 MP: 2/2
   119 | D:1      | Reached skill level 6 in Stealth
   414 | D:1      | Found Haiweo's Antique Armour Shoppe.
   941 | D:1      | Reached XP level 3. HP: 21/21 MP: 3/3
  1482 | D:2      | Noticed Jessica
  1500 | D:2      | Killed Jessica
  1501 | D:2      | Reached skill level 7 in Stealth
  1501 | D:2      | Reached XP level 4. HP: 13/26 MP: 4/4
  1658 | D:2      | Found a shimmering altar of Xom.
  1719 | D:2      | Found a faded altar of an unknown god.
  1959 | D:3      | Noticed Robin
  2127 | D:3      | HP: 1/27 [Robin/+2 whip of flaming (1)]
  2127 | D:3      | Slain by Robin

Illustrated notes

Levels and vault maps discovered:
D:1:      reono_arrival_mine, layout_loops_ring, serial_shops,
          nicolae_shop_competitors_out_of_business
D:2:      layout_loops_ring, chequers_ecumenical_altar_island, basic_altar,
          uniq_jessica
D:3:      layout_basic, chequers_decorated_corner, uniq_grinder, uniq_robin

Skill      XL: |  1  2  3 |
---------------+----------+-----
Stealth        | 6 7 |  7.4
Short Blades   | 3 |  3.3
Fighting       | |  2.4
Throwing       | |  2.1
Dodging        | |  1.3

Action                   |  1- 3 |  4- 6 || total
-------------------------+-------+-------++-------
Melee: Dagger            |    49 |    26 ||    75
       Punch             |       |     1 ||     1
 Stab: Sleeping          |    14 |     5 ||    19
Armor: Robe              |     9 |     8 ||    17
Dodge: Dodged            |    19 |    21 ||    40

Table legend: (Time is in decaauts)
 A = Elapsed time spent in this place.
 B = Non-inter-level travel time spent in this place.
 C = Inter-level travel time spent in this place.
 D = Time resting spent in this place.
 E = Time spent auto-exploring this place.
 F = Levels seen in this place.
 G = Mean time per level.
                   A        B        C        D        E       F      G
               +--------+--------+--------+--------+--------+-----+--------+
         Total |   2122 |   1983 |    139 |      0 |   1716 |   3 |  707.3 |
       Dungeon |   2122 |   1983 |    139 |      0 |   1716 |   3 |  707.3 |
               +--------+--------+--------+--------+--------+-----+--------+

Top non-repeatable levels by time:
     D:1: 1047 daAuts
     D:2: 905 daAuts
     D:3: 169 daAuts
